 Dungeon Crawl Stone Soup version 0.29.1-1-gd02db69 (webtiles) character file.

Game seed: 2189890959253074896

188 Kel the Chopper (level 5, -2/32 HPs)
             Began as a Gargoyle Berserker on Nov 24, 2022.
             Was a Believer of Trog.
             Slain by an ogre
             ... wielding a +0 giant club
              (8 damage)
             ... on level 4 of the Dungeon.
             The game lasted 00:05:52 (3519 turns).

Kel the Chopper (Gargoyle Berserker)                Turns: 3519, Time: 00:05:52

Health: -2/32      AC: 13    Str: 28    XL:     5   Next: 67%
Magic:  5/5        EV:  9    Int:  8    God:    Trog [**....]
Gold:   143        SH:  0    Dex:  9    Spells: 4/4 levels left

rFire   . . .      SeeInvis .   a - +0 hand axe
rCold   . . .      Faith    .   (no shield)
rNeg    + . .      Spirit   .   d - +0 chain mail
rPois   ∞          Reflect  .   (no helmet)
rElec   +          Harm     .   (no cloak)
rCorr   .          Rampage  .   (no gloves)
Will    +....                   g - +0 pair of boots
Stlth   ..........              (no amulet)
HPRegen 0.10/turn               i - ring of willpower
MPRegen 0.09/turn               r - +6 ring of strength

@: no status effects
A: sickness immunity, AC +4, negative energy resistance 1, electricity
resistance, torment resistance 1, petrification resistance
a: Renounce Religion, Berserk, Trog's Hand


You were on level 4 of the Dungeon.
You worshipped Trog.
Trog was pleased with you.
You visited 1 branch of the dungeon, and saw 4 of its levels.

You collected 143 gold pieces.

Inventory:

Hand Weapons
 a - a +0 hand axe (weapon)
Armour
 d - a +0 chain mail (worn)
 g - a +0 pair of boots (worn)
Jewellery
 i - a ring of willpower (left hand)
 o - a +4 ring of protection
 r - a +6 ring of strength (right hand)
Scrolls
 b - a scroll of teleportation {unknown}
 c - a scroll of magic mapping {unknown}
 e - a scroll of butterflies {unknown}
 j - a scroll of enchant weapon {unknown}
 q - a scroll of identify {unknown}
 t - a scroll of amnesia {unknown}
 u - a scroll of silence {unknown}
Potions
 f - a potion of attraction {unknown}
 h - a potion of experience {unknown}
 k - a potion of heal wounds {unknown}
 l - a potion of flight {unknown}
 m - 2 potions of haste {unknown}
 n - a potion of ambrosia
 p - a potion of lignification {unknown}
 s - a potion of curing {unknown}


   Skills:
 - Level 3.4 Fighting
 + Level 5.4 Axes
 - Level 2.3 Armour
 - Level 1.7 Dodging


You had 4 spell levels left.
You didn't know any spells.
Your spell library was empty.

Dungeon Overview and Level Annotations

Branches:
Dungeon (4/15)
 Temple: D:4-7

Altars:
Gozag
Sif Muna
Xom
Zin


Innate Abilities, Weirdness & Mutations

You are immune to sickness and miasma.
Your stone body is resilient. (AC +4)
You are immune to poison.
You resist negative energy. (rN+)
You are resistant to electric shocks. (rElec)
You are resistant to unholy torment.
You are immune to petrification.


Message History

A hobgoblin comes into view.
You barely miss the ogre. The ogre hits you with a +0 giant club!
You closely miss the ogre. The ogre barely misses you.
You slash the ogre!
The ogre is moderately wounded.
You hit the endoplasm. The endoplasm freezes you.
You are frozen.
You are too injured to fight recklessly!
You are too injured to fight recklessly!
You are too injured to fight recklessly!
Okay, then.
It was a potion of ambrosia.
You are confused.
You feel invigorated. The ogre hits you with a +0 giant club!
Ouch! That really hurt!
* * * LOW HITPOINT WARNING * * *
The endoplasm freezes you.
You are frozen.
* * * LOW HITPOINT WARNING * * *
You hit the ogre.
The ogre is heavily wounded.
You closely miss the endoplasm.
The endoplasm hits you but does no damage.
The ogre misses you.
You hit the endoplasm.
The endoplasm is heavily wounded.
You barely miss the ogre. You closely miss the hobgoblin.
You feel less invigorated.
You feel less confused. The endoplasm hits you.
* * * LOW HITPOINT WARNING * * *
The hobgoblin hits you but does no damage.
You hit the ogre.
The ogre is severely wounded.
You barely miss the hobgoblin. You hit the endoplasm.
You kill the endoplasm!
Trog accepts your kill. The ogre hits you with a +0 giant club!
You die...

.###..........#...#
..............#..# ##...
≈≈≈≈.........#!..#..#.#
...≈.........##..#....#
##.≈........##.......###
.#.≈.............##....#
.#.≈..$...............##
.#.≈............).....#
.#.≈ .##...#...O@....##
...≈ .####...)g..## ≈≈≈≈
#.......## ....
#.##..##.. .... #.. .#.#
... .... ... ..... .....
.... .. ..... ...# ....
...... .## ....


You could see an ogre and a hobgoblin.

Vanquished Creatures
  A hound (D:4)
  An orc priest (D:3)
  6 adders
  A worm (D:3)
  A dart slug (D:3)
  8 orcs
  8 ball pythons
  6 bats
  5 endoplasms
  2 giant cockroaches
  6 goblins
  A hobgoblin (D:4)
  4 jackals
  A quokka (D:1)
  6 frilled lizards
  4 kobolds
  3 rats
64 creatures vanquished.

Vanquished Creatures (others)
  2 withered plants (D:3)
2 creatures vanquished.

Grand Total: 66 creatures vanquished

Notes
Turn   | Place    | Note
-------+----------+-------------------------------------------
     0 | D:1      | Kel the Gargoyle Berserker began the quest for the Orb.
     0 | D:1      | Reached XP level 1. HP: 14/14 MP: 1/1
   342 | D:1      | Reached XP level 2. HP: 19/19 MP: 2/2
   531 | D:1      | Reached skill level 3 in Axes
  1306 | D:2      | Found an opulent altar of Gozag.
  1449 | D:2      | Reached XP level 3. HP: 13/23 MP: 3/3
  2138 | D:2      | Reached skill level 4 in Axes
  2141 | D:2      | Reached ** piety under Trog
  2142 | D:2      | Reached XP level 4. HP: 4/28 MP: 4/4
  2598 | D:3      | Found a faded altar of an unknown god.
  3000 | D:3      | Found a shimmering altar of Xom.
  3003 | D:3      | Found a shimmering altar of Xom.
  3029 | D:3      | Found a shimmering altar of Xom.
  3029 | D:3      | Found a shimmering altar of Xom.
  3029 | D:3      | Found a shimmering altar of Xom.
  3184 | D:3      | Found a shimmering altar of Xom.
  3184 | D:3      | Found a shimmering altar of Xom.
  3220 | D:3      | Reached XP level 5. HP: 31/32 MP: 5/5
  3225 | D:3      | Reached skill level 5 in Axes
  3325 | D:4      | Found a shimmering blue altar of Sif Muna.
  3498 | D:4      | Found a glowing silver altar of Zin.
  3507 | D:4      | Noticed an ogre
  3519 | D:4      | Slain by an ogre

Illustrated notes

Levels and vault maps discovered:
D:1:      dpeg_arrival_signposts, layout_basic
D:2:      layout_loops_ring, basic_altar, minmay_crystal_room, minivault_11
D:3:      layout_basic, nicolae_xom_altar_mimics,
          ebering_ecumenical_altar_petrified, palyth_stone_intersect
D:4:      layout_cave_pools, grunt_temple_overflow_open,
          mainiacjoe_overflow_brackets

Skill      XL: |  1  2  3  4  5 |
---------------+----------------+-----
Axes           | 3 4 5 |  5.4
Fighting       | |  3.4
Armour         | |  2.3
Dodging        | |  1.7

Action                   |  1- 3 |  4- 6 || total
-------------------------+-------+-------++-------
Melee: Hand axe          |   125 |   132 ||   257
       Punch             |     1 |     1 ||     2
  Use: Potion            |       |     1 ||     1
Armor: Leather armour    |    16 |       ||    16
       Ring mail         |    76 |     1 ||    77
       Chain mail        |       |    86 ||    86
Dodge: Dodged            |   114 |    61 ||   175
